[Event "Titled Tuesday Blitz June 13 Late 2023"]
[White "Bortnyk, Olexandr"]
[Black "Nakamura, Hikaru"]
[WhiteFideId "14120828"]
[BlackFideId "2016192"]
[WhiteElo "2733"]
[BlackElo "2874"]
[Result "0-1"]
[Round "5"]
[TimeControl "180+2"]
[Date "2023.06.13"]
[WhiteClock "0:00:03"]
[BlackClock "0:01:20"]
[Board "1"]

1. e4 c5 2. Be2 g6 3. d3 Bg7 4. f4 e6 5. Nf3 d5 6. O-O Nc6 7. c3 dxe4 8. dxe4 Qxd1 9. Rxd1 Nf6 10. e5 Nd5 11. c4 Ndb4 12. Na3 b6 13. Nb5 Ke7 14. Bd2 Rd8 15. a3 Nc2 16. Rac1 N2d4 17. Nfxd4 Nxd4 18. Nxd4 Rxd4 19. Bf3 Rb8 20. b4 Bb7 21. Bxb7 Rxb7 22. bxc5 bxc5 23. Be3 Rxd1+ 24. Rxd1 Ke8 25. Bxc5 Rc7 26. Bb4 Rxc4 27. g3 g5 28. Rf1 gxf4 29. gxf4 Bh6 30. f5 Rg4+ 31. Kh1 Rf4 32. Rxf4 Bxf4 33. fxe6 fxe6 34. Kg2 Bxe5 35. h3 Kd7 36. Bd2 Kc6 37. a4 Kd5 38. Kf3 h5 39. Ke3 Bg7 40. Kd3 e5 41. Be1 a6 42. Bd2 e4+ 43. Ke2 Bd4 44. Be1 Kc4 45. a5 Bc3 46. Bxc3 Kxc3 47. Ke3 Kb4 48. Kxe4 Kxa5 49. Kd3 Kb4 50. Kc2 Kc4 51. h4 Kd4 52. Kb3 Ke4 0-1


[Site "https://www.chess.com"]

[Event "Titled Tuesday Blitz June 13 Late 2023"]
[White "Nihal Sarin"]
[Black "Rasulov, Vugar"]
[WhiteFideId "25092340"]
[BlackFideId "13402390"]
[WhiteElo "2689"]
[BlackElo "2509"]
[Result "1-0"]
[Round "5"]
[TimeControl "180+2"]
[Date "2023.06.13"]
[WhiteClock "0:00:34"]
[BlackClock "0:00:18"]
[Board "2"]

1. e4 e5 2. Nf3 Nc6 3. Bc4 Nf6 4. d3 Be7 5. O-O O-O 6. Nc3 d6 7. a4 Kh8 8. h3 Ng8 9. d4 f5 10. dxe5 dxe5 11. Qxd8 Bxd8 12. Be3 fxe4 13. Nxe4 Nf6 14. Neg5 e4 15. Bc5 Be7 16. Bxe7 Nxe7 17. Ne5 h6 18. Nef7+ Rxf7 19. Nxf7+ Kh7 20. Ne5 Bf5 21. Rad1 Re8 22. Bf7 Rf8 23. Rfe1 c6 24. Bc4 Ned5 25. Ng4 Bxg4 26. hxg4 Kg6 27. f3 Kg5 28. fxe4 Nb6 29. Be6 Re8 30. e5 Rxe6 31. exf6 Rxf6 32. Re7 g6 33. a5 Nc4 34. b3 Nd6 35. Rf1 Rxf1+ 36. Kxf1 Kf6 37. Rc7 a6 38. Ke2 Ke5 39. Ke3 Kd5 40. c4+ Kc5 41. Rd7 1-0


[Site "https://www.chess.com"]

[Event "Titled Tuesday Blitz June 13 Late 2023"]
[White "Paravyan, David"]
[Black "Aravindh, Chithambaram VR."]
[WhiteFideId "4194985"]
[BlackFideId "5072786"]
[WhiteElo "2563"]
[BlackElo "2596"]
[Result "1/2-1/2"]
[Round "5"]
[TimeControl "180+2"]
[Date "2023.06.13"]
[WhiteClock "0:00:04"]
[BlackClock "0:00:05"]
[Board "3"]

1. e4 e5 2. Nf3 Nf6 3. d4 Nxe4 4. Bd3 d5 5. Nxe5 Nd7 6. Nxd7 Bxd7 7. O-O Bd6 8. Nc3 Nxc3 9. bxc3 O-O 10. Qh5 f5 11. Re1 c6 12. a4 Qf6 13. Ba3 Bxa3 14. Rxa3 Rae8 15. Raa1 a5 16. h3 g6 17. Qf3 Qd6 18. c4 Rxe1+ 19. Rxe1 Qb4 20. Re5 dxc4 21. Bf1 Re8 22. Qe2 Kf8 23. Rxe8+ Bxe8 24. Qe5 Bf7 25. Qb8+ Kg7 26. Qe5+ Kf8 27. Qb8+ Ke7 28. Qc7+ Ke6 29. h4 Qe7 30. Qxa5 Kf6 31. Qc3 Bd5 32. a5 Qe6 33. Bxc4 Bxc4 34. d5+ Qe5 35. Qxc4 Qxd5 36. Qc3+ Qe5 37. Qb4 Qe7 38. Qb2+ Kf7 39. Qb6 Qe1+ 40. Kh2 Qe7 41. g3 Kg7 42. a6 bxa6 43. Qxa6 Qc5 44. Qb7+ Kh6 45. Kg1 Qxc2 46. Qe7 Qd1+ 47. Kh2 Qd5 48. Qg5+ Kg7 49. Qe7+ Qf7 50. Qd6 Qf6 51. Qd7+ Kh6 52. Qd2+ Kg7 53. Qd7+ Kg8 54. Qe8+ Kg7 55. Qd7+ 1/2-1/2


[Site "https://www.chess.com"]

[Event "Titled Tuesday Blitz June 13 Late 2023"]
[White "Holt, Conrad"]
[Black "Duda, Jan-Krzysztof"]
[WhiteFideId "2034387"]
[BlackFideId "1170546"]
[WhiteElo "2592"]
[BlackElo "2783"]
[Result "0-1"]
[Round "5"]
[TimeControl "180+2"]
[Date "2023.06.13"]
[WhiteClock "0:00:00"]
[BlackClock "0:00:08"]
[Board "4"]

1. d4 Nf6 2. c4 e6 3. Nc3 d5 4. cxd5 exd5 5. Bg5 c6 6. e3 Be7 7. Bd3 h6 8. Bh4 O-O 9. Nf3 Be6 10. O-O Nbd7 11. Nd2 Ne8 12. Bxe7 Qxe7 13. Re1 Nd6 14. Qc2 a5 15. Na4 Rfe8 16. a3 g6 17. Nc5 Nf6 18. f3 Nd7 19. Nxe6 Qxe6 20. e4 dxe4 21. fxe4 Nb6 22. Nf3 a4 23. Qf2 Nbc4 24. Rac1 Na5 25. h3 Rad8 26. Rcd1 Nb3 27. Qh4 Kg7 28. Qf4 b5 29. Ne5 Nxd4 30. Ng4 h5 31. Qh6+ Kg8 32. Nf2 Qe5 33. Rf1 c5 34. Kh1 c4 35. Bb1 Nb7 36. g4 h4 37. Qe3 g5 38. Kg2 Nc5 39. Rde1 Nce6 40. Nd1 Nf4+ 41. Kh1 Nde6 42. Nc3 Rd4 43. Ne2 Nxe2 44. Rf5 Ng3+ 45. Kg2 Nxf5 46. gxf5 Nf4+ 47. Kf3 Red8 48. Kg4 Rd3 49. Bxd3 Rxd3 0-1


[Site "https://www.chess.com"]

[Event "Titled Tuesday Blitz June 13 Late 2023"]
[White "Korobov, Anton"]
[Black "Dardha, Daniel"]
[WhiteFideId "14105730"]
[BlackFideId "240990"]
[WhiteElo "2638"]
[BlackElo "2572"]
[Result "1-0"]
[Round "5"]
[TimeControl "180+2"]
[Date "2023.06.13"]
[WhiteClock "0:00:27"]
[BlackClock "0:00:00"]
[Board "5"]

1. c4 e5 2. d3 f5 3. Nc3 Nf6 4. g3 g6 5. Bg2 Bg7 6. b4 O-O 7. Rb1 Nc6 8. b5 Nd4 9. e3 Ne6 10. Nge2 d6 11. a4 h5 12. Ba3 a5 13. Qd2 Rf7 14. f4 h4 15. Nd5 Nxd5 16. cxd5 Nc5 17. fxe5 h3 18. Bf3 Nxa4 19. e6 Rf8 20. O-O Nc5 21. Nf4 g5 22. Nh5 g4 23. Nxg7 gxf3 24. Nh5 c6 25. Bb2 cxd5 26. Qc3 Nxe6 27. Qh8+ Kf7 28. Qh7+ Ke8 29. Qg6+ Kd7 30. Rbc1 Qg5 31. Qh7+ Qe7 32. Qh6 Qg5 33. Qxg5 Nxg5 34. b6 Ne6 35. Rxf3 Ra6 36. Nf6+ Rxf6 37. Bxf6 Rxb6 38. Rxf5 Nc5 39. Bd4 Rb3 40. Bxc5 dxc5 41. Rxd5+ Ke7 42. Rdxc5 Bg4 43. R5c4 Bf3 44. Rf4 Bc6 45. Rc2 a4 46. Rxc6 bxc6 47. Rxa4 Rb1+ 48. Kf2 Rb2+ 49. Kf3 Rxh2 50. Rh4 Rd2 51. Ke4 h2 52. d4 Kf6 53. Rh5 Kg6 54. g4 Rf2 55. Kd3 Rg2 56. Kc4 1-0


[Site "https://www.chess.com"]

[Event "Titled Tuesday Blitz June 13 Late 2023"]
[White "Erdogmus, Yagiz Kaan"]
[Black "Vazquez, Guillermo"]
[WhiteFideId "44599790"]
[BlackFideId "3702308"]
[WhiteElo "2359"]
[BlackElo "2543"]
[Result "0-1"]
[Round "5"]
[TimeControl "180+2"]
[Date "2023.06.13"]
[WhiteClock "0:00:05"]
[BlackClock "0:00:08"]
[Board "6"]

1. e4 c6 2. d4 d5 3. exd5 cxd5 4. Bd3 Nc6 5. c3 Nf6 6. Bf4 Bg4 7. Qb3 e5 8. h3 Na5 9. Qc2 exf4 10. hxg4 Nxg4 11. Bb5+ Nc6 12. Rxh7 Qe7+ 13. Be2 Rxh7 14. Qxh7 Nh6 15. Qd3 O-O-O 16. Nd2 g5 17. O-O-O g4 18. Nf1 Kb8 19. f3 g3 20. Qd2 Qf6 21. Bd3 Bd6 22. Ne2 Ng8 23. Kb1 Nge7 24. Qc1 Ng6 25. Bxg6 fxg6 26. Nd2 Ne7 27. Rh1 Nf5 28. Nf1 Nh4 29. Rg1 Re8 30. Qc2 g5 31. Kc1 a6 32. Kd1 Nf5 33. Qd3 Rh8 34. b3 Qe6 35. Nc1 Bc7 36. Qd2 Re8 37. Nd3 Qd6 38. Rh1 Qe7 39. Qe1 Qf7 40. Qd2 Nh4 41. Ne1 Qf5 42. Kc1 Bd6 43. Qd1 Re7 44. Nd2 Qd7 45. Rg1 Qe8 46. Nd3 Re3 47. Kc2 Re2 48. Nc1 Rxg2 49. Re1 Qf7 50. Nd3 Ba3 51. Re5 Nf5 52. Ne1 Rh2 53. Kd3 Bd6 54. Re2 Qg6 55. Rxh2 gxh2 56. Ke2 Ng3+ 57. Kf2 h1=Q 0-1


[Site "https://www.chess.com"]

[Event "Titled Tuesday Blitz June 13 Late 2023"]
[White "Eljanov, Pavel"]
[Black "Gokerkan, Cem Kaan"]
[WhiteFideId "14102951"]
[BlackFideId "6336760"]
[WhiteElo "2598"]
[BlackElo "2365"]
[Result "1-0"]
[Round "5"]
[TimeControl "180+2"]
[Date "2023.06.13"]
[WhiteClock "0:00:05"]
[BlackClock "0:00:03"]
[Board "7"]

1. d4 Nf6 2. c4 e6 3. Nc3 d5 4. cxd5 exd5 5. Bg5 Be7 6. e3 h6 7. Bh4 Bg4 8. Qc2 c5 9. dxc5 Nc6 10. Bb5 O-O 11. Bxc6 bxc6 12. Nge2 Bxc5 13. O-O Be7 14. Nd4 Rc8 15. h3 Bd7 16. Rfd1 Nh5 17. Bxe7 Qxe7 18. Rac1 Nf6 19. Na4 Rfd8 20. Nc5 Be8 21. b4 Rb8 22. Qc3 g6 23. Rb1 Rdc8 24. Rb3 h5 25. Ra3 h4 26. Ra6 Rb6 27. Ra5 Rcb8 28. a3 Rc8 29. Ndb3 Rbb8 30. Qd4 Ra8 31. Qxh4 Qe5 32. Nd4 Nd7 33. Nxd7 Bxd7 34. Qf4 Qe7 35. Rc5 a5 36. Rxa5 Rxa5 37. bxa5 Qxa3 38. h4 Qxa5 39. h5 c5 40. h6 Qd8 41. Nf3 Be6 42. Ng5 Rc6 43. Qe5 f6 44. Nxe6 Qe7 45. Qb8+ Kh7 46. Nf4 d4 47. exd4 cxd4 48. Qb1 f5 49. Qd3 Rd6 50. Qg3 Kxh6 51. Nd3 Qf6 52. Re1 Re6 53. Qf4+ g5 54. Rxe6 Qxe6 55. Qxd4 Qe2 56. Qe3 Qd1+ 57. Kh2 f4 58. Qf3 Qd2 59. Ne5 Qb2 60. Qe4 Kg7 61. Qg6+ Kf8 62. Qf6+ Ke8 63. Qf7+ Kd8 64. Qd7# 1-0


[Site "https://www.chess.com"]

[Event "Titled Tuesday Blitz June 13 Late 2023"]
[White "Kovalev, Vladislav"]
[Black "Firouzja, Alireza"]
[WhiteFideId "13504398"]
[BlackFideId "12573981"]
[WhiteElo "2555"]
[BlackElo "2896"]
[Result "1-0"]
[Round "5"]
[TimeControl "180+2"]
[Date "2023.06.13"]
[WhiteClock "0:00:10"]
[BlackClock "0:00:03"]
[Board "8"]

1. e4 c6 2. Nf3 d5 3. d3 Bg4 4. Nbd2 e6 5. h3 Bh5 6. g4 Bg6 7. h4 h5 8. Ne5 Bh7 9. g5 Bd6 10. g6 fxg6 11. Ndf3 Qc7 12. d4 Ne7 13. Ng5 Bxe5 14. dxe5 Bg8 15. Be3 Nd7 16. f4 O-O-O 17. Qd2 dxe4 18. O-O-O Nb6 19. Qxd8+ Qxd8 20. Rxd8+ Kxd8 21. Nxe4 Nf5 22. Bf2 Nd5 23. Bxa7 Bf7 24. Ng5 Ke8 25. Nh3 Nxh4 26. Bf2 Nf5 27. Bd3 h4 28. c4 Nb4 29. Be4 Ng3 30. Bxg3 hxg3 31. a3 Nd3+ 32. Bxd3 g2 33. Rg1 Rxh3 34. Be4 Rh4 35. Kd2 Rxf4 36. Ke3 Rg4 37. Rxg2 Rxg2 38. Bxg2 g5 39. Be4 Bh5 40. b4 Kd8 41. a4 Bg4 42. a5 Kc7 43. Kd4 Bd1 44. b5 cxb5 45. cxb5 g4 46. b6+ Kb8 47. Ke3 g5 48. Kf2 Kc8 49. Kg3 Bf3 50. Bd3 Kd7 51. Bb5+ Kc8 52. Bc4 Kd7 53. Bb5+ Kc8 54. Ba4 Kd8 55. Bb3 Kd7 56. Bc4 Ke7 57. Bb5 Kd8 58. Kf2 Ke7 59. Bc4 Kd7 60. Bb5+ Ke7 61. Ba4 Kd8 62. Bb3 Kd7 63. Bc4 Kc6 64. Kg3 Kc5 65. Bxe6 Kb4 66. Bxg4 Bc6 67. a6 bxa6 68. Bc8 Kb5 69. b7 Bxb7 70. Bxb7 Kc5 71. Kg4 a5 72. Kxg5 a4 73. Bc8 a3 74. Be6 Kd4 75. Kf5 Kc5 76. Ba2 Kc6 77. e6 Kd6 78. Kf6 1-0


[Site "https://www.chess.com"]

[Event "Titled Tuesday Blitz June 13 Late 2023"]
[White "Pap, Gyula"]
[Black "Sarana, Alexey"]
[WhiteFideId "725323"]
[BlackFideId "24133795"]
[WhiteElo "2519"]
[BlackElo "2714"]
[Result "0-1"]
[Round "5"]
[TimeControl "180+2"]
[Date "2023.06.13"]
[WhiteClock "0:00:00"]
[BlackClock "0:00:26"]
[Board "9"]

1. d4 Nf6 2. c4 e6 3. Nc3 d5 4. cxd5 exd5 5. Bg5 Be7 6. e3 h6 7. Bh4 Bg4 8. Qc2 Nbd7 9. h3 Be6 10. Nge2 g5 11. Bg3 c6 12. Bh2 Nf8 13. Ng3 Ng6 14. Nf5 Bxf5 15. Qxf5 Nh4 16. Qc2 Bd6 17. Bxd6 Qxd6 18. O-O-O O-O-O 19. g3 Ng6 20. Bd3 Ne7 21. h4 Kb8 22. Kb1 Nc8 23. hxg5 hxg5 24. Qe2 Qe6 25. Qf3 Nd6 26. Rxh8 Rxh8 27. Rh1 Rxh1+ 28. Qxh1 Ng4 29. Qf3 f5 30. Qg2 Qh6 31. Be2 Nf6 32. Bd3 Qh5 33. Kc2 Nfe4 34. Nxe4 fxe4 35. Bf1 Kc7 36. g4 Qh4 37. Be2 b5 38. b3 a5 39. Kd1 Qh7 40. Kc2 Qh4 41. Kd1 b4 42. Kc2 Kd7 43. Kd2 Ke6 44. Kc2 Ne8 45. Kd2 Nf6 46. Kc2 Nd7 47. Kd2 c5 48. dxc5 Nxc5 49. Kc2 Qh8 50. Kb1 Qc3 51. Qh1 Nd3 52. Qh6+ Kd7 53. Qh7+ Kc6 54. Qg6+ Kc5 55. Bxd3 exd3 56. Qg7 Qc2+ 0-1


[Site "https://www.chess.com"]

[Event "Titled Tuesday Blitz June 13 Late 2023"]
[White "Moroni, Luca Jr"]
[Black "Deac, Bogdan-Daniel"]
[WhiteFideId "865834"]
[BlackFideId "1226380"]
[WhiteElo "2569"]
[BlackElo "2644"]
[Result "0-1"]
[Round "5"]
[TimeControl "180+2"]
[Date "2023.06.13"]
[WhiteClock "0:00:05"]
[BlackClock "0:00:06"]
[Board "10"]

1. d4 Nf6 2. Bf4 d5 3. e3 e6 4. Nf3 c5 5. Nbd2 Qb6 6. Rb1 Bd7 7. h3 cxd4 8. exd4 Bb5 9. Bxb5+ Qxb5 10. c3 Nc6 11. Qe2 Qxe2+ 12. Kxe2 b5 13. a3 Nd7 14. Rhc1 Nb6 15. b4 f6 16. Bg3 Kf7 17. Nb3 Be7 18. Nc5 Rhc8 19. Ra1 a5 20. Rcb1 a4 21. Re1 Nc4 22. Nd2 e5 23. Nxc4 bxc4 24. Red1 exd4 25. cxd4 Na7 26. f3 Nb5 27. Kf1 Re8 28. Bf2 f5 29. g4 f4 30. Re1 Bd6 31. Red1 Re7 32. Re1 Rxe1+ 33. Kxe1 g6 34. Kd2 h6 35. Kc2 Re8 36. Kd2 Ra8 37. Kc2 h5 38. Kd2 hxg4 39. hxg4 Rh8 40. Ke2 Rh2 41. Kf1 Rh8 42. Kg2 Ra8 43. Kf1 Be7 44. Ke2 Bf6 45. Rd1 Nc3+ 46. Kd2 Nxd1 47. Kxd1 Be7 48. Kd2 g5 49. b5 Rb8 50. Kc2 Rxb5 51. Nxa4 Bxa3 52. Nc3 Ra5 53. Be1 Bb4 54. Bd2 Bxc3 55. Bxc3 Ra2+ 56. Bb2 Ra8 57. Kc3 Rb8 58. Bc1 Rb3+ 0-1


[Site "https://www.chess.com"]

[Event "Titled Tuesday Blitz June 13 Late 2023"]
[White "Bazeev, German"]
[Black "Makarian, Rudik"]
[WhiteFideId "24119350"]
[BlackFideId "44105681"]
[WhiteElo "2466"]
[BlackElo "2451"]
[Result "0-1"]
[Round "5"]
[TimeControl "180+2"]
[Date "2023.06.13"]
[WhiteClock "0:00:56"]
[BlackClock "0:00:50"]
[Board "11"]

1. c4 Nf6 2. Nc3 e6 3. e4 c5 4. f4 Ng8 5. Nf3 Nc6 6. d3 Nge7 7. g3 g6 8. Bg2 Bg7 9. O-O O-O 10. Be3 Nd4 11. e5 Nef5 12. Bf2 d6 13. exd6 Qxd6 14. Ne4 Qc7 15. Ne5 Rb8 16. b4 b6 17. Qa4 cxb4 18. Rae1 f6 19. Ng4 Bd7 20. Qxb4 h5 21. Ngxf6+ Rxf6 22. Nxf6+ Bxf6 23. Qb2 Nf3+ 0-1


[Site "https://www.chess.com"]

[Event "Titled Tuesday Blitz June 13 Late 2023"]
[White "Sviridov, Valery"]
[Black "Gadimbayli, Abdulla"]
[WhiteFideId "4120680"]
[BlackFideId "13404938"]
[WhiteElo "2457"]
[BlackElo "2386"]
[Result "1/2-1/2"]
[Round "5"]
[TimeControl "180+2"]
[Date "2023.06.13"]
[WhiteClock "0:00:23"]
[BlackClock "0:00:06"]
[Board "12"]

1. d4 d5 2. Nf3 Nc6 3. c4 e5 4. dxe5 d4 5. a3 Nge7 6. b4 Ng6 7. Bb2 a5 8. b5 Ncxe5 9. Nxe5 Nxe5 10. e3 Be6 11. Qxd4 Qxd4 12. Bxd4 Nxc4 13. Be2 f6 14. O-O a4 15. Rc1 Na5 16. Nd2 Bd6 17. Bd1 Nb3 18. Nxb3 axb3 19. a4 Kd7 20. Rcb1 c5 21. bxc6+ bxc6 22. Bxb3 Bxb3 23. Rxb3 c5 24. Bc3 Ra7 25. Kf1 Rha8 26. a5 Bc7 27. Rba3 Kc6 28. Ke2 Kb5 29. Rb1+ Kc6 30. Rba1 Kb5 31. Rb1+ Kc6 32. Kd3 Bxa5 33. Rba1 Kb5 34. Rxa5+ Rxa5 35. Rxa5+ Rxa5 36. Bxa5 Kxa5 37. Kc4 Kb6 38. e4 Kc6 39. f4 Kd6 40. Kb5 g5 41. g3 g4 42. Kc4 Kc6 43. Kc3 Kd6 44. Kd3 Kd7 45. Kc3 Kd6 46. Kb3 Kd7 47. Ka4 Ke6 48. Ka5 Ke7 49. Kb5 Kd6 50. Kc4 Kc6 51. Kc3 Kd6 1/2-1/2


[Site "https://www.chess.com"]

[Event "Titled Tuesday Blitz June 13 Late 2023"]
[White "Bryakin, Mikhail"]
[Black "Anton Guijarro, David"]
[WhiteFideId "4165314"]
[BlackFideId "2285525"]
[WhiteElo "2464"]
[BlackElo "2618"]
[Result "0-1"]
[Round "5"]
[TimeControl "180+2"]
[Date "2023.06.13"]
[WhiteClock "0:00:01"]
[BlackClock "0:00:58"]
[Board "13"]

1. e4 c6 2. d4 d5 3. e5 Bf5 4. h4 h5 5. Bd3 Bxd3 6. Qxd3 Qa5+ 7. Nd2 e6 8. Nf3 Nh6 9. a4 Nf5 10. O-O Qa6 11. c4 Bb4 12. b3 c5 13. Bb2 Nc6 14. dxc5 Rd8 15. Qc2 Bxd2 16. Nxd2 Nxh4 17. cxd5 Qe2 18. Rfe1 Qg4 19. Qe4 exd5 20. Qxg4 hxg4 21. Rad1 Ke7 22. Nb1 Ke6 23. Nc3 Rh5 24. Nb5 Rdh8 25. Nc7+ Kf5 26. Re3 Ng6 27. Kf1 Nf4 28. Ke1 Nxg2+ 29. Ke2 Nxe3 30. Kxe3 Rh3+ 31. Ke2 Rxb3 32. Rd2 g3 33. Kf1 Rh1+ 34. Kg2 Rh2+ 35. Kg1 Rxf2 0-1


[Site "https://www.chess.com"]

[Event "Titled Tuesday Blitz June 13 Late 2023"]
[White "Yanchenko, Roman"]
[Black "Swiercz, Dariusz"]
[WhiteFideId "4137329"]
[BlackFideId "1126881"]
[WhiteElo "2491"]
[BlackElo "2620"]
[Result "0-1"]
[Round "5"]
[TimeControl "180+2"]
[Date "2023.06.13"]
[WhiteClock "0:00:04"]
[BlackClock "0:00:09"]
[Board "14"]

1. d4 Nf6 2. Nf3 g6 3. Bf4 Bg7 4. e3 O-O 5. Be2 d6 6. O-O b6 7. h3 Bb7 8. a4 Nc6 9. Na3 Nd7 10. Nc4 e5 11. dxe5 dxe5 12. Bg5 f6 13. Bh4 Nc5 14. a5 Qxd1 15. Rfxd1 Rad8 16. axb6 axb6 17. c3 Rxd1+ 18. Rxd1 g5 19. Bg3 Rd8 20. Rxd8+ Nxd8 21. Nfd2 Nde6 22. Bg4 Kf7 23. Bf5 h6 24. f3 Bf8 25. Bc2 Ba6 26. e4 Nb7 27. Bf2 Bc5 28. b4 Bxf2+ 29. Kxf2 h5 30. g3 h4 31. Bb3 Ke7 32. gxh4 gxh4 33. Ne3 Nf4 34. Nf5+ Kd7 35. Nxh4 Nxh3+ 36. Ke3 Nd6 37. Ng2 Bb7 38. f4 Nb5 39. fxe5 fxe5 40. Ba4 Bc6 41. Bxb5 Bxb5 42. Nh4 Nf4 43. Nhf3 Ke6 44. c4 Ba6 45. Ne1 Nh5 46. Nd3 Nf6 47. Kf3 Bb7 48. Ke3 Bc6 49. Kf3 Be8 50. Ke3 Bg6 51. c5 Be8 52. cxb6 cxb6 53. Nc4 Nd7 54. Na3 Nf6 55. Nc4 Nd7 56. Nc1 Bh5 57. Na2 Bd1 58. Nc3 Bb3 59. Nd2 Bc2 60. Nf3 Bb3 61. Kd3 Kd6 62. Ng5 Bg8 63. Ke3 Ke7 64. Nb5 Nf6 65. Nf3 Ng4+ 66. Kd3 Nf2+ 67. Ke3 Ng4+ 68. Ke2 Bc4+ 69. Kd2 Bxb5 70. Nh4 Bd7 71. Ke2 Kd6 72. Kf3 Nf6 73. Ke3 Bc6 74. Nf5+ Ke6 75. Ng3 Bxe4 76. Nxe4 Nxe4 77. Kxe4 b5 0-1


[Site "https://www.chess.com"]

[Event "Titled Tuesday Blitz June 13 Late 2023"]
[White "Sanal, Vahap"]
[Black "Simonian, Hrair"]
[WhiteFideId "6300545"]
[BlackFideId "13302337"]
[WhiteElo "2606"]
[BlackElo "2447"]
[Result "0-1"]
[Round "5"]
[TimeControl "180+2"]
[Date "2023.06.13"]
[WhiteClock "0:00:14"]
[BlackClock "0:01:52"]
[Board "15"]

1. e4 c5 2. Nc3 d6 3. Nge2 Nf6 4. d4 cxd4 5. Nxd4 a6 6. a3 e5 7. Nf5 d5 8. Bg5 d4 9. Bxf6 gxf6 10. Nb1 Bxf5 11. exf5 Qd5 12. Qd3 Nd7 13. Nd2 Nc5 14. Qh3 h5 15. Bc4 Qc6 16. O-O Bh6 17. Nb3 Ne4 18. Bd3 Ng5 19. Qxh5 O-O-O 20. Na5 Qd5 21. Nc4 Kb8 22. Nd2 e4 23. Bc4 Qxf5 24. Qe2 Rdg8 25. g3 Nh3+ 26. Kh1 Bxd2 0-1


[Site "https://www.chess.com"]

[Event "Titled Tuesday Blitz June 13 Late 2023"]
[White "Demidov, Mikhail"]
[Black "Tejedor Fuente, Enrique"]
[WhiteFideId "4197143"]
[BlackFideId "2299100"]
[WhiteElo "2500"]
[BlackElo "2496"]
[Result "1-0"]
[Round "5"]
[TimeControl "180+2"]
[Date "2023.06.13"]
[WhiteClock "0:00:07"]
[BlackClock "0:00:00"]
[Board "16"]

1. Nf3 d5 2. d4 Nf6 3. Bf4 c5 4. dxc5 e6 5. e3 Bxc5 6. Be2 O-O 7. O-O Nc6 8. c4 a6 9. Nc3 dxc4 10. Bxc4 b5 11. Bd3 Bb7 12. Rc1 Be7 13. Qe2 Nb4 14. Bb1 Rc8 15. e4 Qb6 16. a3 Nc6 17. e5 Nd7 18. Ne4 Rfd8 19. Rcd1 Nf8 20. Nd6 Bxd6 21. exd6 Qc5 22. Bg3 Qh5 23. Rfe1 Rd7 24. h3 f6 25. Ba2 Re8 26. Qd3 Kh8 27. Nd2 Qg6 28. Ne4 Qh5 29. b4 e5 30. Nc5 Nd4 31. Nxd7 Nxd7 32. Qf1 Rd8 33. Rd3 Nf5 34. Bh2 Nb6 35. Bb1 Qf7 36. Rd2 Nc4 37. Rdd1 Nfxd6 38. Bg3 Re8 39. Ba2 Qe7 40. Re2 h6 41. f3 Nf5 42. Bf2 Qf7 43. Rc2 Nfe3 44. Bxe3 Qg6 45. Re2 Nxa3 46. Bf2 Nc4 47. Bxc4 bxc4 48. Re3 e4 49. fxe4 Bxe4 50. Rde1 f5 51. Rg3 Qc6 52. Bd4 Re7 53. Qf2 Kh7 54. Bc3 a5 55. Kh2 axb4 56. Bxb4 Rf7 57. Bc3 f4 58. Rg4 g5 59. Qd4 Bf5 60. Qh8+ Kg6 61. Re8 Bxg4 62. hxg4 1-0


[Site "https://www.chess.com"]

[Event "Titled Tuesday Blitz June 13 Late 2023"]
[White "Xiong, Jeffery"]
[Black "Saveliev, Alexei"]
[WhiteFideId "2047640"]
[BlackFideId "24128546"]
[WhiteElo "2726"]
[BlackElo "2271"]
[Result "1-0"]
[Round "5"]
[TimeControl "180+2"]
[Date "2023.06.13"]
[WhiteClock "0:01:49"]
[BlackClock "0:01:09"]
[Board "17"]

1. e4 g6 2. d4 Bg7 3. Nf3 d6 4. Be3 Nc6 5. Bb5 a6 6. Bxc6+ bxc6 7. O-O Nf6 8. Nbd2 O-O 9. h3 Nd7 10. c3 a5 11. Re1 Ba6 12. Qc2 Qb8 13. b3 Re8 14. Rad1 h6 15. c4 Qb4 16. Nb1 a4 17. Nc3 axb3 18. axb3 Rab8 19. Nd2 e5 20. d5 c5 21. Ra1 Qb7 22. Ra5 Ra8 23. Rea1 Ra7 24. Qa2 Rea8 25. Nb5 f5 26. Nxa7 f4 27. Rxa6 fxe3 28. fxe3 Nb6 29. Nb5 Rf8 30. Ra7 Qc8 31. Rxc7 Qd8 32. Qa7 1-0


[Site "https://www.chess.com"]

[Event "Titled Tuesday Blitz June 13 Late 2023"]
[White "Kollars, Dmitrij"]
[Black "Tanenbaum, Zachary"]
[WhiteFideId "12909572"]
[BlackFideId "2060850"]
[WhiteElo "2584"]
[BlackElo "2207"]
[Result "1/2-1/2"]
[Round "5"]
[TimeControl "180+2"]
[Date "2023.06.13"]
[WhiteClock "0:00:06"]
[BlackClock "0:00:05"]
[Board "18"]

1. e4 e5 2. Nf3 Nc6 3. Bb5 a6 4. Ba4 d6 5. O-O Nf6 6. Re1 Be7 7. c3 O-O 8. h3 b5 9. Bc2 Bb7 10. d4 exd4 11. Nxd4 Nxd4 12. cxd4 c5 13. d5 Re8 14. Bf4 Nd7 15. Nd2 Ne5 16. a4 Ng6 17. Bg3 Bh4 18. Qg4 Bxg3 19. Qxg3 Qf6 20. Rab1 Re7 21. Nb3 Rae8 22. Re3 Ne5 23. Na5 Bc8 24. Rbe1 Bd7 25. b3 bxa4 26. bxa4 Rb8 27. f4 Ng6 28. e5 Qxf4 29. Qxf4 Nxf4 30. exd6 Rxe3 31. Rxe3 Nxd5 32. Re5 Nb4 33. Bb3 Nc6 34. Nxc6 Bxc6 35. Bc4 Rd8 36. Rxc5 Rxd6 37. Bxa6 g6 38. Bb5 Be4 39. a5 Rd2 40. g4 Rg2+ 41. Kf1 Ra2 42. a6 Bg2+ 43. Ke1 Bxh3 44. g5 Bg2 45. Bc4 Ra1+ 46. Kd2 Kf8 47. Rc7 Ke8 48. Kc3 Kd8 49. Rxf7 Ra3+ 50. Kb4 Ra1 51. Rxh7 Rb1+ 52. Kc5 Rc1 53. a7 Ra1 54. Kd6 Rd1+ 55. Ke5 Re1+ 56. Kf6 Ra1 57. Kxg6 Be4+ 58. Kg7 Bxh7 59. Kxh7 Rxa7+ 60. Kh6 Ke7 61. g6 Kf6 62. Bd5 Ra1 63. g7 Rg1 64. g8=Q Rxg8 65. Bxg8 1/2-1/2


[Site "https://www.chess.com"]

[Event "Titled Tuesday Blitz June 13 Late 2023"]
[White "Andreikin, Dmitry"]
[Black "Pakleza, Zbigniew"]
[WhiteFideId "4158814"]
[BlackFideId "1119290"]
[WhiteElo "2736"]
[BlackElo "2410"]
[Result "1/2-1/2"]
[Round "5"]
[TimeControl "180+2"]
[Date "2023.06.13"]
[WhiteClock "0:00:06"]
[BlackClock "0:00:05"]
[Board "19"]

1. c4 c6 2. Nf3 d5 3. d4 Nf6 4. Nc3 Qb6 5. c5 Qc7 6. Bg5 Bf5 7. e3 Nbd7 8. Bf4 Qc8 9. h3 e6 10. b4 a6 11. a4 Be7 12. Bd3 Bxd3 13. Qxd3 Bd8 14. O-O Bc7 15. b5 O-O 16. bxc6 bxc6 17. a5 Re8 18. Rfb1 e5 19. Bxe5 Nxe5 20. Nxe5 Bxe5 21. dxe5 Rxe5 22. Rb6 Nd7 23. Qd4 Rg5 24. Qf4 h6 25. Rab1 Rg6 26. Rb7 Kh7 27. Na4 Qe8 28. Nb6 Rd8 29. Nxd7 Rxd7 30. Rb8 Qe4 31. Qxe4 dxe4 32. R8b6 Rd5 33. Rc1 h5 34. h4 Rd2 35. Rxa6 Rf6 36. Rf1 Rc2 37. Rb6 Rxc5 38. a6 Ra5 39. Rc1 c5 40. Rxf6 gxf6 41. a7 Kg6 42. Rxc5 Rxa7 43. Kh2 Ra2 44. Kg3 f5 45. Rc6+ f6 46. Rc8 Rb2 47. Rc1 Ra2 48. Rf1 Ra5 49. Kf4 Rb5 50. Rh1 Rb2 51. Rf1 Rb5 52. Kg3 Rb2 53. Rd1 Ra2 54. Rb1 Rc2 55. Rb4 Ra2 56. Rb5 Rc2 57. Rb8 Ra2 58. Rh8 Rb2 59. Rg8+ Kf7 60. Rc8 Kg6 61. Rc1 Ra2 62. Rf1 Rb2 63. Kf4 Ra2 64. Kg3 1/2-1/2


[Site "https://www.chess.com"]

[Event "Titled Tuesday Blitz June 13 Late 2023"]
[White "Martinez Alcantara, Jose Eduardo"]
[Black "Wieczorek, Oskar"]
[WhiteFideId "3805662"]
[BlackFideId "1133950"]
[WhiteElo "2711"]
[BlackElo "2418"]
[Result "1-0"]
[Round "5"]
[TimeControl "180+2"]
[Date "2023.06.13"]
[WhiteClock "0:00:23"]
[BlackClock "0:00:30"]
[Board "20"]

1. e4 g6 2. d4 Bg7 3. c3 b6 4. Bd3 Bb7 5. f4 d6 6. Nf3 e6 7. Qe2 Ne7 8. h4 h5 9. Be3 Nd7 10. e5 Nd5 11. Nbd2 a6 12. O-O b5 13. Ng5 N7b6 14. Nde4 Qe7 15. Bd2 O-O 16. Ng3 Bh6 17. Nxh5 gxh5 18. Qxh5 Kg7 19. Rf3 Rh8 20. Rg3 Kf8 21. Nh7+ Ke8 22. Qxh6 Kd7 23. f5 Rag8 24. Rxg8 Rxg8 25. Bg5 Qe8 26. Rf1 Nc4 27. fxe6+ fxe6 28. Nf6+ Nxf6 29. Qxf6 dxe5 30. dxe5 Kc8 31. Bh7 Rh8 32. Bg6 Qg8 33. Bf7 Qf8 34. Bxe6+ Kb8 35. Qxf8+ 1-0


[Site "https://www.chess.com"]